 Dungeon Crawl Stone Soup version 0.31-a0-841-g038b102fc3 (webtiles) character file.

Game seed: 16115147573122017015

3143 javelincjr the Changeling (level 9, 0/70 (79) HPs)
             Began as a Troll Shapeshifter on Sept 27, 2023.
             Was a Follower of Hepliaklqana.
             Slain by a wight
             ... wielding a +0 flail
              (11 damage)
             ... on level 8 of the Dungeon.
             The game lasted 00:14:45 (5091 turns).

javelincjr the Changeling (Troll Shapeshifter)      Turns: 5091, Time: 00:14:45

HP:   0/70 (79)     AC:  4    Str: 28    XL:     9   Next: 62%
MP:   0/8           EV: 11    Int:  6    God:    Hepliaklqana [*.....]
Gold: 281           SH:  0    Dex:  9    Spells: 8/8 levels left

rFire   . .          .
                       - Unarmed
rCold   . . .        (shield currently unavailable)
rNeg    . . .        a - +0 animal skin
rPois   .            (helmet restricted)
rElec   .            (no cloak)
rCorr   .            (gloves unavailable)
SInv    .            (boots unavailable)
Will    .....        g - amulet of guardian spirit
Stlth   +            k - ring of flight
HPRegen 1.11/turn    (no ring)
MPRegen 0.11/turn

%: guardian spirit
@: flux-form, flying, glowing, heavily drained
A: glow, contaminating, reduced essence, large, unfitting armour, claws 3,
regeneration 1, shaggy fur 1, tough skin 1
a: Begin Untransformation, Renounce Religion, Recall Ancestor, Ancestor Identity


You were on level 8 of the Dungeon.
You worshipped Hepliaklqana.
Hepliaklqana was aware of your devotion.
You were something dangerously unstable.
You visited 1 branch of the dungeon, and saw 8 of its levels.
You also visited: Sewer.

You collected 281 gold pieces.

Inventory:

Hand Weapons
 u - a +5 battleaxe
Missiles
 r - 4 boomerangs (quivered)
 t - 13 poisoned darts
Armour
 a - a +0 animal skin (worn)
Jewellery
 e - a ring of fire
 g - an amulet of guardian spirit (around neck)
 k - a ring of flight (left claw)
 A - an amulet of the acrobat
Talismans
 c - a beast talisman
 d - a flux talisman (active)
Wands
 q - a wand of acid (6)
 v - a wand of flame (24)
 B - a wand of iceblast (15)
Scrolls
 l - a scroll of brand weapon
 m - a scroll of amnesia
 s - a scroll of teleportation {unknown}
 w - a scroll of noise {unknown}
 x - a scroll of acquirement {unknown}
 y - a scroll of revelation {unknown}
 C - a scroll of enchant weapon {unknown}
Potions
 b - 2 potions of lignification
 f - 2 potions of heal wounds
 h - 3 potions of haste
 i - 2 potions of curing
 j - 2 potions of resistance
 n - 2 potions of mutation {unknown}
 o - 5 potions of attraction
 p - 3 potions of enlightenment
 z - a potion of degeneration {unknown}


   Skills:
 + Level 5.4 Fighting
 + Level 5.7 Dodging
 + Level 7.3 Unarmed Combat
 * Level 7.3 Shapeshifting


You had 8 spell levels left.
You didn't know any spells.
Your spell library contained the following spells:

 Spells                   Type           Power      Damage    Failure   Level
 Ensorcelled Hibernation  Hex/Ice        0%         N/A       58%         2
 Passwall                 Tmut/Erth      0%         N/A       58%         2
 Scorch                   Fire           0%         2d5       58%         2
 Swiftness                Air            0%         N/A       83%         3
 Flame Wave               Conj/Fire      0%         2d4       99%         4
 Summon Cactus Giant      Summ           0%         N/A       100%        6


Dungeon Overview and Level Annotations

Branches:
Dungeon (8/15)             Temple (0/1) D:6           Sewer (visited)
   Lair: D:8-11

Altars:
Dithmenos
Elyvilon
Gozag
Hepliaklqana
Kikubaaqudgha
Nemelex Xobeh

Shops:
D:3 [


Innate Abilities, Weirdness & Mutations

You are something dangerously unstable.
You glow with magical radiation, making you easy to see and hit.
Foes you strike become dangerously contaminated with magical radiation.
You are incapable of wielding weapons or throwing items.
Your life essence is reduced to manifest your ancestor. (-10% HP)
You are too large for most types of armour.
You have claws for hands.
Your natural rate of healing is unusually fast.
You are covered in fur. (AC +1)
You have tough skin. (AC +1)


Message History

You barely miss the wight.
The wight is heavily damaged.
Ealamassi hits the wight but does no damage.
The gnoll closely misses Ealamassi.
The wight barely misses you.
You claw the wight!
You destroy the wight!
Ealamassi barely misses the gnoll.
Your life force feels restored.
You swap places.
The gnoll closely misses you.
You claw the gnoll!
The gnoll begins to glow.
The gnoll is almost dead.
The gnoll hits you with a +0 vampiric whip.
The gnoll draws strength from your wounds!
Ealamassi hits the gnoll.
The gnoll dies!
You barely miss the wight. The wight barely misses you.
The wight hits you with a +0 flail!
You feel drained.
Ealamassi hits the wight.
You closely miss the wight.
The wight is moderately damaged.
The wight hits you from afar with a +3 halberd!
You feel drained. The wight hits you with a +0 flail.
You are too injured to fight recklessly!
You are too injured to fight recklessly!
You are too injured to fight recklessly!
You completely miss the wight.
The wight is moderately damaged.
Ealamassi barely misses the wight.
The wight barely misses you. The wight hits you with a +0 flail!
You closely miss the wight.
The wight is moderately damaged.
Ealamassi barely misses the wight.
The wight hits you from afar with a +3 halberd!
* * * LOW HITPOINT WARNING * * *
You feel drained. The wight hits you with a +0 flail.
* * * LOW HITPOINT WARNING * * *
You feel drained.
* * * LOW HITPOINT WARNING * * *
Ealamassi closely misses the wight.
The wight attacks as it pursues you! The wight hits you with a +0 flail!
You die...

#. #. ##### #.#
#.... ###.##....
##.......#
##........#
##......z..#
###......zR..#
.........p...###
#.# #.............#
#.# ##))))..)..##!#
#.#####.)...#.....#
#.#.....)...##.#..#
#
#.#.###.#......#..#
## #.#.# #.########
.# .## #.#.# #.#
#.####.#.# #..


You could see the friendly Ealamassi the ancestor and 2 wights.

Vanquished Creatures
  Menkaure (D:4)
  2 water moccasins
  An orc warrior (D:5)
  A black bear (D:5)
  An ogre (D:5)
  2 ice beasts
  2 centaurs
  A phantom (D:6)
  Blork the orc (D:4)
  2 kobold brigands (Sewer)
  2 bullfrogs (D:6)
  A gnoll sergeant (D:8)
  2 scorpions (D:4)
  8 wights
  2 killer bees (D:8)
  A howler monkey (D:7)
  7 orc priests
  2 hounds
  3 jellies
  2 gnoll boudas
  7 orc wizards
  3 iguanas
  Natasha (thrice) (D:4)
  13 gnolls
  An adder (D:4)
  A shadow imp (D:5)
  An ufetubus (D:5)
  A worm (D:1)
  2 dart slugs
  22 orcs
  8 endoplasms
  2 giant cockroaches
  6 goblins
  6 hobgoblins
  4 jackals
  6 kobolds
  2 quokkas
  7 ball pythons
  3 bats
  4 frilled lizards
  4 rats
150 creatures vanquished.

Vanquished Creatures (collateral kills)
  A wight (D:7)
  A killer bee (D:8)
  4 gnolls
  An orc (D:8)
7 creatures vanquished.

Vanquished Creatures (others)
  2 ancestors
2 creatures vanquished.

Grand Total: 159 creatures vanquished

Notes
Turn   | Place    | Note
-------+----------+-------------------------------------------
     0 | D:1      | javelincjr the Troll Shapeshifter began the quest for the
                  | Orb.
     0 | D:1      | Reached XP level 1. HP: 18/18 MP: 0/0
   152 | D:1      | Reached skill level 1 in Fighting
   306 | D:1      | Reached XP level 2. HP: 23/27 MP: 1/1
   896 | D:2      | Reached XP level 3. HP: 33/33 MP: 2/2
  1145 | D:2      | Found Utzufror's Distillery.
  1454 | D:3      | Found Yhin's Armour Emporium.
  1715 | D:3      | Reached XP level 4. HP: 27/42 MP: 1/3
  1934 | D:4      | Noticed Menkaure
  1936 | D:4      | Killed Menkaure
  1937 | D:4      | Reached XP level 5. HP: 50/50 MP: 4/4
  1943 | D:4      | Noticed Natasha
  1947 | D:4      | Reached XP level 6. HP: 52/59 MP: 3/5
  1948 | D:4      | Killed Natasha
  2074 | D:4      | Noticed Natasha
  2080 | D:4      | Killed Natasha
  2083 | D:4      | Noticed Natasha
  2090 | D:4      | Killed Natasha
  2091 | D:4      | Reached XP level 7. HP: 65/67 MP: 4/6
  2164 | D:4      | Found a glowing drain.
  2173 | Sewer    | Entered a sewer
  2246 | Sewer    | Reached skill level 5 in Unarmed Combat
  2279 | Sewer    | Found a white marble altar of Elyvilon.
  2403 | D:4      | Found an opulent altar of Gozag.
  2403 | D:4      | Found a sparkling altar of Nemelex Xobeh.
  2462 | D:4      | Noticed Blork the orc
  2471 | D:4      | Killed Blork the orc
  2484 | D:4      | Identified the +5 ring mail of the Storm King {Int+6}
  2682 | D:5      | Entered Level 5 of the Dungeon
  2827 | D:5      | Reached skill level 5 in Shapeshifting
  2862 | D:5      | Reached XP level 8. HP: 67/78 MP: 5/7
  3025 | D:5      | Found a hazy altar of Hepliaklqana.
  3080 | D:5      | Became a worshipper of Hepliaklqana the Forgotten
  3384 | D:6      | Found a staircase to the Ecumenical Temple.
  3727 | D:6      | Found a shadowy altar of Dithmenos.
  3766 | D:6      | Reached skill level 5 in Dodging
  4051 | D:7      | Reached * piety under Hepliaklqana
  4139 | D:7      | Reached XP level 9. HP: 29/72 MP: 2/8
  4272 | D:7      | Reached skill level 5 in Fighting
  4407 | D:7      | Found a white marble altar of Elyvilon.
  4470 | D:7      | Found an ancient bone altar of Kikubaaqudgha.
  5091 | D:8      | Slain by a wight

Illustrated notes

Levels and vault maps discovered:
D:1:      lightli_arrival_chessboard, layout_basic
D:2:      wander_river, layout_loops_cross, serial_shops, shop,
          hangedman_abyss_or_decor_stabs, glass_columns_b, hangedman_decor_push
D:3:      layout_basic, serial_shops, shop
D:4:      layout_cave_pools, grunt_temple_overflow_opulence,
          portal_sewer_entry_d, uniq_menkaure, uniq_blork_the_orc, uniq_natasha
D:5:      layout_basic, nzn_hepliaklqana_mist_gate
D:6:      layout_rooms, lemuel_crystal_altar, minmay_temple_entry_junction_2,
          wad_floor_pattern_1
D:7:      layout_basic, kiku_gazebo_garden_becter, elyvilon_altar_1,
          grunt_ministairs_8
D:8:      layout_loops_ring

Skill      XL: |  1  2  3  4  5  6  7  8  9 |
---------------+----------------------------+-----
Fighting       | 1 2 3 4 5 |  5.4
Dodging        | 2 3 4 5 |  5.7
Unarmed Combat | 4 5 6 7 |  7.3
Shapeshifting  | 4 5 6 7 |  7.3

Action                     |  1- 3 |  4- 6 |  7- 9 || total
---------------------------+-------+-------+-------++-------
  Melee: Unarmed           |    87 |    44 |   263 ||   394
         Punch             |       |     1 |     7 ||     8
  Throw: Boomerang         |       |       |    16 ||    16
 Invoke: Recall Ancestor   |       |       |     2 ||     2
    Use: Scroll            |       |     7 |       ||     7
         Potion            |       |       |     1 ||     1
   Stab: Sleeping          |     1 |       |       ||     1
         Distracted        |       |       |     1 ||     1
 Armour: Animal skin       |    63 |    27 |   215 ||   305
  Dodge: Dodged            |    27 |    16 |   124 ||   167
   Form: Flux              |       |       |     1 ||     1

Table legend: (Time is in decaauts)
 A = Elapsed time spent in this place.
 B = Non-inter-level travel time spent in this place.
 C = Inter-level travel time spent in this place.
 D = Time resting spent in this place.
 E = Time spent auto-exploring this place.
 F = Levels seen in this place.
 G = Mean time per level.
                   A        B        C        D        E       F      G
               +--------+--------+--------+--------+--------+-----+--------+
         Total |   5051 |   4889 |    162 |    125 |   3645 |   9 |  561.2 |
       Dungeon |   4909 |   4747 |    162 |    125 |   3567 |   8 |  613.6 |
         Sewer |    141 |    141 |      0 |      0 |     78 |   1 |  141.0 |
               +--------+--------+--------+--------+--------+-----+--------+

Top non-repeatable levels by time:
     D:1: 841 daAuts
     D:5: 812 daAuts
     D:7: 745 daAuts
     D:4: 609 daAuts
     D:2: 591 daAuts
     D:6: 519 daAuts
     D:3: 494 daAuts
     D:8: 295 daAuts
   Sewer: 141 daAuts
